 Dungeon Crawl Stone Soup version 0.22-a0-614-g34fbaa0 (webtiles) character file.

196 zekeachu the Ruffian (level 5, -5/53 HPs)
             Began as a Troll Berserker on July 20, 2018.
             Was a Priest of Trog.
             Slain by an iguana (9 damage)
             ... on level 3 of the Dungeon.
             The game lasted 00:27:13 (2742 turns).

zekeachu the Ruffian (Troll Berserker)              Turns: 2742, Time: 00:27:13

Health: -5/53      AC:  7    Str: 25    XL:     5   Next: 46%
Magic:  4/4        EV: 11    Int:  4    God:    Trog [***...]
Gold:   139        SH:  3    Dex:  9    Spells: 4/4 levels left

rFire    + . .     SeeInvis .   m - -2 dagger (curse)
rCold    . . .     Gourm    +   (no shield)
rNeg     . . .     Faith    .   i - +2 robe {rC+}
rPois    .         Spirit   .   c - +0 hat
rElec    .         Reflect  +   (no cloak)
rCorr    .         Harm     .   (gloves unavailable)
MR       .....                  (boots unavailable)
Stlth    +.........             e - +3 amulet of reflection
HPRegen  0.57/turn              j - ring of fire
MPRegen  0.09/turn              (no ring)

@: no status effects
A: large, unfitting armour, claws 3, fast metabolism 3, gourmand, regeneration
1, shaggy fur 1, tough skin 2
a: Berserk, Trog's Hand, Renounce Religion


You were on level 3 of the Dungeon.
You worshipped Trog.
Trog was most pleased with you.
You were completely stuffed.

You visited 1 branch of the dungeon, and saw 3 of its levels.

You collected 139 gold pieces.

Inventory:

Hand Weapons
 m - a cursed -2 dagger (weapon)
 t - a +2 short sword of venom
Armour
 a - a +0 animal skin
 c - a +0 hat (worn)
 d - a +0 animal skin
 i - a +2 robe of cold resistance (worn)
 l - a +0 robe
 p - a +2 helmet
Jewellery
 e - a +3 amulet of reflection (around neck)
 j - a ring of fire (left claw)
Wands
 h - a wand of digging (7)
Scrolls
 q - a scroll of fear
Potions
 f - 2 potions of heal wounds
 g - a potion of curing {unknown}
 n - a potion of degeneration {unknown}
 o - a potion of berserk rage {unknown}
 r - a potion of might {unknown}
 s - a potion of resistance {unknown}
Comestibles
 b - 11 rations
 k - a chunk of flesh


   Skills:
 * Level 3.6 Fighting
 + Level 1.2 Short Blades
 + Level 3.4 Dodging
 + Level 0.2 Stealth
 + Level 3.7 Unarmed Combat


You had 4 spell levels left.
You didn't know any spells.
Your spell library was empty.

Dungeon Overview and Level Annotations

Branches:
Dungeon (3/15)

Altars:
Trog
Uskayaw


Innate Abilities, Weirdness & Mutations

You are too large for most types of armour.
You have claws for hands.
Your metabolism is lightning-fast.
You like to eat raw meat.
Your natural rate of healing is unusually fast.
You are covered in fur. (AC +1)
You have very tough skin. (AC +2)


Message History

The orc hits you but does no damage.
You hit the orc priest but do no damage.
The iguana bites you but does no damage.
The orc hits you but does no damage. The orc hits you with a hand axe.
* * * LOW HITPOINT WARNING * * *
The quokka bites you.
* * * LOW HITPOINT WARNING * * *
The orc priest hits you but does no damage.
You hit the orc priest but do no damage.
The orc barely misses you. The iguana bites you.
* * * LOW HITPOINT WARNING * * *
The orc hits you.
* * * LOW HITPOINT WARNING * * *
The quokka bites you but does no damage.
The orc hits you but does no damage.
The orc priest hits you but does no damage.
You closely miss the orc priest. The orc hits you with a short sword.
* * * LOW HITPOINT WARNING * * *
The iguana bites you!
You die...

#........#................#
#........#................#
#..).....#................#
#........#.........########
#........#####.....#
#....##### #.....# #....#
#.....# ###### ######oo...#
.......l@o..# .......ro####
# ........o# # .........# #
.........# # .........# #
.........# # ........# # #


You could see an iguana, an orc priest, 4 orcs and a quokka.

Vanquished Creatures
  Jessica (D:2)
  Ijyb (D:3)
  Robin (D:2)
  4 adders
  2 worms (D:2)
  3 dart slugs (D:1)
  2 leopard geckos
  5 giant cockroaches
  15 goblins
  12 hobgoblins
  5 jackals
  3 quokkas
  5 ball pythons (D:2)
  7 bats
  8 frilled lizards
  4 kobolds (D:1)
  6 rats
84 creatures vanquished.

Vanquished Creatures (others)
  A goblin (D:3)
  3 fungi (D:2)
4 creatures vanquished.

Grand Total: 88 creatures vanquished

Notes
Turn   | Place    | Note
-------+----------+-------------------------------------------
     0 | D:1      | zekeachu the Troll Berserker began the quest for the Orb.
     0 | D:1      | Reached XP level 1. HP: 22/22 MP: 0/0
    92 | D:1      | Reached XP level 2. HP: 29/29 MP: 1/1
   380 | D:1      | Reached XP level 3. HP: 37/37 MP: 2/2
   660 | D:2      | Reached ** piety under Trog
  1153 | D:2      | Noticed Robin
  1178 | D:2      | Killed Robin
  1183 | D:2      | Reached XP level 4. HP: 44/45 MP: 3/3
  1298 | D:2      | Noticed Jessica
  1425 | D:2      | Found a bloodstained altar of Trog.
  1489 | D:2      | Killed Jessica
  1834 | D:2      | Reached *** piety under Trog
  1946 | D:3      | Noticed Ijyb
  2021 | D:3      | Killed Ijyb
  2021 | D:3      | Reached skill level 1 in Short Blades
  2021 | D:3      | Reached XP level 5. HP: 53/53 MP: 4/4
  2249 | D:3      | Found a hide-covered altar of Uskayaw.
  2742 | D:3      | Slain by an iguana

Vault maps used:
D:1:      giann_forest_graveyard
D:2:      marbit_many_paths, minmay_shallow_snake_nest, uniq_robin, uniq_jessica
D:3:      eat_drink_and_be_merry_uskayaw, first_ration, uniq_crazy_yiuf_cottage,
          uniq_ijyb

Skill      XL: |  1  2  3  4 |
---------------+-------------+-----
Fighting       | 3 |  3.6
Dodging        | 3 |  3.4
Short Blades   | 1 |  1.2
Stealth        | |  0.2
Unarmed Combat | |  3.7

Action                   |  1- 3 |  4- 6 || total
-------------------------+-------+-------++-------
Melee: Unarmed           |    57 |       ||    57
       Dagger            |   132 |   417 ||   549
       Punch             |       |     6 ||     6
Invok: Berserk           |     1 |       ||     1
  Use: Scroll            |     5 |     4 ||     9
 Stab: Sleeping          |     1 |     1 ||     2
  Eat: Chunk             |    16 |    17 ||    33
Armor: Animal skin       |    19 |       ||    19
       Robe              |    78 |   160 ||   238
Dodge: Dodged            |   114 |   203 ||   317
Block: Other             |    24 |    51 ||    75
       Reflection        |       |     1 ||     1

Table legend:
 A = Spawn XP
 B = Non-spawn XP
 C = Spawn XP percentage of total XP
 D = Spawn monster count
 E = Non-spawn monster count
 F = Spawn count percentage of total count
 G = Total turns spent on level
                    A         B        C        D         E        F      G
               +---------+---------+-------+---------+---------+-------+---------
         Total |       0 |     281 |   0.0 |       0 |      85 |   0.0 |  2742
               +---------+---------+-------+---------+---------+-------+---------
           D:1 |       0 |      42 |   0.0 |       0 |      25 |   0.0 |   532
           D:2 |       0 |     145 |   0.0 |       0 |      40 |   0.0 |  1366
           D:3 |       0 |      94 |   0.0 |       0 |      20 |   0.0 |   844
               +---------+---------+-------+---------+---------+-------+---------
